Map: Ruins of Seras

Players

Rampoina

  • Race: Zerg Zerg
  • League: Platinum

Ynae

  • Race: Zerg Zerg
  • League: Silver

BeheriT - Winner!

  • Race: Terran Terran
  • League: Gold

Azure - Winner!

  • Race: Terran Terran
  • League: Grandmaster

VOD

Have the link to the VOD?

Description

Time

  • Played on: Oct. 12, 2015, 9:34 a.m.
  • Length: 17:13
Show
View Real Time Build Order
Export as new Build Order

Rampoina Zerg 

Build Orders: Hatch First 

Get SALT Encoding   

  12  0:01  Drone  
  13  0:13  Overlord  
  13  0:18  Drone  
  14  0:31  Drone x2  
  14  0:35  Drone  
  17  0:57  Hatchery  
  17  0:59  Drone  
  17  1:03  Drone  
  18  1:19  Drone, Spawning Pool  
  18  1:24  Drone  
  19  1:31  Overlord  
  19  1:41  Drone  
  20  1:57  Drone  
  21  2:02  Hatchery  
  21  2:06  Queen  
  22  2:10  Zergling x2, Extractor  
  22  2:13  Drone  
  23  2:18  Drone  
  24  2:32  Drone  
  25  2:42  Drone x2  
  27  2:47  Queen  
  27  2:48  Drone  
  27  2:49  Drone x2  
  32  2:53  Drone  
  33  3:03  Roach Warren  
  33  3:04  Drone  
  32  3:06  Zergling x2  
  32  3:09  Drone  
  34  3:16  Drone  
  34  3:19  Overlord  
  35  3:32  Drone  
  35  3:34  Drone  
  37  3:43  Roach x3  
  43  3:49  Drone x6  
  43  3:50  Drone  
  43  3:53  Overlord  
  50  3:58  Extractor  
  49  4:07  Drone  
  49  4:09  Overlord x2  
  50  4:10  Queen  
  50  4:13  Drone  
  50  4:14  Drone  
  56  4:17  Roach  
  56  4:18  Drone  
  56  4:21  Drone  
  58  4:28  Drone, Extractor  
  58  4:29  Drone x3  
  61  4:31  Extractor  
  61  4:34  Roach  
  61  4:37  Drone  
  63  4:38  Metabolic Boost  
  63  4:40  Roach  
  64  4:51  Drone x6  
  68  4:57  Evolution Chamber, Lair  
  68  4:59  Drone  
  69  5:00  Evolution Chamber, Drone x3  
  69  5:02  Ravager  
  69  5:06  Drone  
  70  5:07  Drone  
  70  5:14  Drone x2  
  70  5:39  Drone  
  70  5:40  Drone x2  
  70  5:50  Drone x3  
  70  5:51  Drone  
  70  5:53  Overlord x2  
  70  5:54  Overlord  
  74  5:57  Extractor  
  74  6:00  Extractor, Queen  
  74  6:08  Spire  
  74  6:10  Zerg Ground Armor Level 1  
  73  6:11  Queen  
  73  6:14  Zerg Missile Weapons Level 1, Hydralisk Den  
  73  6:17  Drone x2, Zergling x2  
  73  6:18  Drone x6, Zergling x4  
  84  6:20  Ravager  
  86  6:30  Overseer  
  85  6:34  Spore Crawler, Overseer  
  85  6:39  Spore Crawler  
  80  6:43  Spore Crawler, Hydralisk x3  
  80  6:44  Hydralisk  
  80  6:46  Hydralisk  
  86  6:48  Spore Crawler  
  86  6:49  Spore Crawler  
  85  6:55  Hydralisk  
  85  6:56  Hydralisk  
  89  7:07  Drone  
  89  7:08  Drone  
  90  7:12  Overlord x2  
  90  7:13  Overlord  
  90  7:23  Overlord x2  
  90  7:29  Spore Crawler  
  88  7:34  Overlord  
  88  7:35  Hydralisk  
  88  7:36  Mutalisk  
  89  7:37  Mutalisk x4  
  94  7:49  Mutalisk x2  
  94  7:50  Mutalisk  
  94  7:51  Spore Crawler  
  94  8:06  Drone x2  
  94  8:07  Overlord  
  94  8:11  Zerg Missile Weapons Level 2  
  96  8:13  Mutalisk, Zergling x2  
  96  8:14  Zergling x6  
  96  8:18  Drone  
  96  8:19  Drone  
  102  8:31  Mutalisk  
  102  8:32  Mutalisk  
  106  8:38  Zergling x2  
  106  8:39  Zergling x4  
  106  8:40  Drone x2  
  111  8:44  Drone  
  111  8:45  Drone x4  
  113  8:49  Zerg Flyer Weapons Level 1  
  113  8:50  Mutalisk  
  113  8:51  Zergling x2  
  113  8:53  Drone x2  
  118  8:58  Zergling x2  
  118  8:59  Zergling x8  
  118  9:00  Hatchery  
  122  9:04  Mutalisk  
  122  9:09  Drone x2  
  126  9:10  Extractor  
  126  9:12  Drone, Spore Crawler  
  125  9:19  Overlord x2  
  125  9:29  Hydralisk  
  125  9:30  Hydralisk x4  
  135  9:37  Drone  
  135  9:38  Drone  
  137  9:48  Corruptor x2  
  137  9:49  Corruptor  
  143  9:54  Spore Crawler  
  143  9:57  Spore Crawler  
  138  10:00  Overseer  
  132  10:19  Corruptor  
  132  10:21  Corruptor x2  
  132  10:22  Hatchery, Zergling x4  
  132  10:23  Zergling x8  
  139  10:30  Zergling x2  
  139  10:34  Drone  
  141  10:44  Spore Crawler, Corruptor  
  141  10:45  Zergling x2  
  141  10:48  Hatchery  
  142  10:56  Corruptor  
  144  10:57  Zergling x4  
  144  11:02  Drone, Zergling x2  
  148  11:05  Drone, Zergling x2  
  150  11:12  Zerg Flyer Weapons Level 2  
  150  11:20  Spore Crawler, Zergling x4  
  151  11:27  Drone  
  151  11:28  Zergling x4  
  154  11:35  Spore Crawler  
  154  11:38  Spore Crawler  
  154  11:39  Spore Crawler  
  151  11:42  Drone  
  151  11:43  Drone, Spore Crawler  
  151  11:44  Drone  
  145  11:54  Corruptor  
  145  11:55  Corruptor  
  147  12:05  Corruptor  
  147  12:06  Corruptor, Zergling x2  
  149  12:08  Overlord  
  138  12:21  Infestation Pit  
  138  12:22  Corruptor  
  125  12:23  Corruptor, Zergling x4  
  125  12:24  Zergling x2  
  130  12:31  Corruptor  
  130  12:32  Corruptor  
  130  12:36  Drone x3  
  137  12:42  Muscular Augments  
  137  12:53  Corruptor x3  
  137  12:55  Zergling x4  
  137  12:57  Drone  
  146  13:02  Drone  
  146  13:03  Drone x3  
  150  13:07  Pathogen Glands  
  150  13:25  Corruptor  
  150  13:26  Corruptor  
  152  13:32  Corruptor  
  152  13:33  Corruptor, Zergling x2  
  152  13:35  Corruptor  
  152  13:36  Corruptor  
  152  13:37  Zergling x2  
  152  13:40  Corruptor  
  144  13:41  Zergling x2  
  98  14:10  Corruptor x4  
  98  14:12  Zergling x2  
  98  14:13  Zergling x6  
  87  14:24  Mutalisk  
  87  14:25  Zergling x4  
  80  14:36  Corruptor  
  80  14:37  Zergling x2  
  73  14:42  Zergling x2  
  73  14:45  Zergling x2  
  52  15:04  Zergling x2  
  53  15:12  Drone  
  47  15:38  Mutalisk  
  47  15:39  Mutalisk  
  51  15:56  Spawning Pool  
  50  16:18  Extractor  
  50  16:19  Drone, Extractor  
  49  16:27  Drone  
Show
View Real Time Build Order
Export as new Build Order

Ynae Zerg 

Build Orders:  

Get SALT Encoding   

  12  0:01  SCV  
  13  0:13  SCV  
  14  0:18  Supply Depot  
  14  0:25  SCV  
  15  0:40  SCV  
  16  0:52  SCV  
  17  1:02  Command Center  
  17  1:07  SCV  
  18  1:21  SCV  
  18  1:24  Barracks  
  19  1:33  SCV  
  19  1:36  Refinery  
  19  1:38  Refinery  
  20  1:45  SCV  
  21  1:57  SCV  
  21  1:59  Supply Depot  
  22  2:12  Orbital Command  
  22  2:15  Reaper  
  23  2:17  Orbital Command  
  23  2:26  Supply Depot  
  23  2:39  SCV  
  23  2:42  SCV  
  24  2:51  Bunker  
  24  2:59  SCV x2, Factory, Barracks Reactor  
  26  3:11  SCV x2  
  28  3:24  SCV x2  
  30  3:36  SCV x2  
  32  3:47  Marine  
  32  3:48  SCV x2, Starport  
  35  3:52  Hellion x2  
  39  3:57  Refinery, Starport  
  39  4:00  SCV x2, Refinery  
  41  4:04  Marine  
  41  4:08  Command Center  
  42  4:19  Hellion x2  
  42  4:22  Marine  
  47  4:26  Starport Tech Lab  
  47  4:30  SCV x2  
  48  4:40  Starport Tech Lab  
  48  4:42  SCV x2  
  50  4:48  Banshee  
  50  4:51  Fusion Core  
  53  4:53  Cloaking Field  
  53  5:00  SCV  
  53  5:04  Supply Depot  
  54  5:07  Supply Depot  
  54  5:19  Widow Mine x2  
  54  5:20  SCV, Viking, Orbital Command, Marine  
  60  5:37  Bunker  
  60  5:38  Orbital Command, Marine  
  60  5:42  Banshee  
  64  5:50  Banshee  
  61  6:02  Marine  
  62  6:05  Widow Mine x2  
  62  6:10  SCV x3  
  69  6:15  Hyperflight Rotors  
  69  6:20  Marine  
  69  6:22  SCV x2  
  69  6:24  Starport  
  69  6:25  Armory, Starport x2  
  68  6:33  Banshee x2  
  74  6:49  SCV  
  74  6:50  SCV x2  
  77  6:57  Hellion  
  77  6:59  Hellion  
  81  7:01  SCV  
  81  7:02  SCV x2  
  81  7:05  Supply Depot  
  84  7:08  Supply Depot  
  84  7:15  Banshee, Starport Tech Lab  
  84  7:16  Banshee, Starport Tech Lab x2  
  90  7:25  Hellion  
  90  7:27  SCV x3, Hellion  
  97  7:32  Supply Depot  
  97  7:33  Supply Depot  
  97  7:39  Factory  
  97  7:40  Terran Vehicle And Ship Armor Level 1  
  97  7:42  SCV  
  97  7:43  SCV x2  
  100  7:45  Refinery  
  100  7:48  Refinery, Weapon Refit  
  100  7:55  SCV x2  
  102  8:04  Command Center  
  102  8:06  Hellion x2  
  102  8:08  Banshee x4  
  118  8:13  Command Center  
  118  8:15  Marine  
  119  8:20  Supply Depot  
  119  8:22  Supply Depot  
  119  8:25  Supply Depot  
  119  8:27  Supply Depot, Hellion x2  
  119  8:28  Banshee, Supply Depot  
  119  8:33  Liberator, Marine  
  119  8:34  Liberator x3  
  124  8:37  Engineering Bay  
  136  9:01  SCV  
  136  9:02  SCV x2, Liberator  
  139  9:14  SCV x3  
  142  9:30  Liberator  
  142  9:31  Liberator x2  
  140  9:34  Terran Ship Weapons Level 1  
  137  9:50  Hellion x2  
  150  9:54  Missile Turret  
  150  9:55  SCV x3  
  150  9:56  SCV  
  154  10:07  SCV x2  
  154  10:08  SCV x2  
  154  10:10  Supply Depot  
  154  10:11  Supply Depot, Hellion x2  
  159  10:18  Battlecruiser x2  
  171  10:28  Planetary Fortress  
  171  10:29  Command Center  
  171  10:38  Missile Turret  
  171  10:40  Missile Turret  
  171  10:43  Missile Turret  
  171  10:44  Missile Turret  
  171  10:45  Missile Turret  
  171  10:46  Battlecruiser  
  171  10:49  Hellion x2  
  181  10:53  Refinery  
  181  10:56  Refinery  
  179  11:05  Battlecruiser  
  179  11:10  Hellion x2  
  189  11:18  Missile Turret, Liberator  
  189  11:19  Hellion, Liberator  
  189  11:20  Missile Turret  
  186  11:28  Terran Vehicle And Ship Armor Level 2  
  186  11:38  Hellion x2  
  196  11:47  Missile Turret x2  
  194  11:59  Hellion  
  196  12:02  SCV x4  
  200  12:20  Hellion  
  199  12:23  Command Center  
  199  12:31  Command Center  
  199  12:36  Starport  
  199  12:39  Command Center  
  199  12:40  Starport  
  199  12:41  Starport  
  199  12:43  Starport  
  199  13:09  Liberator  
  199  13:15  Missile Turret  
  199  13:16  Refinery, Missile Turret  
  199  13:17  Missile Turret  
  199  13:18  Building Armor  
  199  13:19  Refinery, Starport Tech Lab  
  199  13:20  Starport Reactor, Starport Tech Lab  
  199  13:21  Starport Tech Lab  
  195  13:40  Planetary Fortress  
  195  13:44  Terran Ship Weapons Level 2  
  194  13:49  Liberator x3  
  194  13:50  Liberator x4  
  194  13:53  Liberator  
  189  13:57  SCV x2  
  189  13:59  SCV x2  
  199  14:15  Hellion  
  199  14:16  Hellion  
  188  14:17  Battlecruiser  
  188  14:19  Battlecruiser  
  182  14:32  Liberator  
  182  14:37  Hellion x2  
  170  14:48  Refinery  
  170  14:49  Banshee x2, Refinery, Orbital Command  
  170  14:50  Banshee x3, Planetary Fortress  
  170  14:52  Banshee  
  177  15:04  SCV x3  
  177  15:06  SCV  
  169  15:24  Liberator  
  169  15:25  Liberator  
  169  15:27  Liberator  
  169  15:28  Liberator  
  163  15:30  Liberator  
  163  15:33  Battlecruiser x2  
  163  15:35  Banshee x3  
  193  15:52  Refinery  
  187  16:10  Factory Tech Lab  
  187  16:13  Hellion x2  
  191  16:24  SCV x3  
  191  16:25  SCV  
  195  16:34  Hellion x2  
  193  17:01  Refinery  
Show
View Real Time Build Order
Export as new Build Order

BeheriT Terran - Winner!

Build Orders:  

Get SALT Encoding   

Show
View Real Time Build Order
Export as new Build Order

Azure Terran - Winner!

Build Orders:  

Get SALT Encoding   

Tags
 
Add a new tag
Caveats
  • Supply blocks, unpowered buildings, or Contaminate may cause inaccurate times.
  • Supply counts are checked every 10 seconds.